PCL
SAN JOSE MISSIONS @ LAS VEGAS STARS
04/23/2028
 
TOP OF THE 1ST
San Jose Missions batting - Pitching for Las Vegas Stars : RHP Dema Mitenkov
Pitching: RHP Dema Mitenkov
Batting: RHB Peyton Pennington 0-0: Swinging Strike
0-1: Ground out 6-3 (Groundball, 6)
Batting: RHB Jorge Díaz 0-0: SINGLE (Groundball, 6D)
Batting: RHB Dale Taylor 0-0: Called Strike
0-1: Foul Ball, location: 2F
0-2: Strikes out swinging
Batting: RHB José Martínez 0-0: Ball
1-0: Ball
2-0: Called Strike
2-1: Fly out, F9 (Flyball, 9D)
Top of the 1st over - 0 run(s), 1 hit(s), 0 error(s), 1 left on base; San Jose 0 - Las Vegas 0
BOTTOM OF THE 1ST
Las Vegas Stars batting - Pitching for San Jose Missions : RHP Francisco Arellano
Pitching: RHP Francisco Arellano
Batting: SHB Júlio Salazar 0-0: Called Strike
0-1: Ball
1-1: Ball
2-1: Ball
3-1: Called Strike
3-2: Fly out, F3 (Popup, 3L)
Batting: RHB Brandon Pope 0-0: Called Strike
0-1: SINGLE (Groundball, 6MD)
Batting: LHB Ethan Marshall 0-0: 2-RUN HOME RUN (Flyball, 78XD), Distance : 422 ft
Batting: RHB Ryan McBride 0-0: Ball
1-0: Swinging Strike
1-1: Ball
2-1: Ball
3-1: Called Strike
3-2: Strikes out looking
Batting: LHB Terry White 0-0: Ground out 6-3 (Groundball, 6)
Bottom of the 1st over - 2 run(s), 2 hit(s), 0 error(s), 0 left on base; San Jose 0 - Las Vegas 2
TOP OF THE 2ND
San Jose Missions batting - Pitching for Las Vegas Stars : RHP Dema Mitenkov
Batting: RHB Naomichi Aoki 0-0: Called Strike
0-1: Ball
1-1: Ball
2-1: Foul Ball, location: 2F
2-2: Ground out 6-3 (Groundball, 6)
Batting: RHB Ed Starr 0-0: Ball
1-0: Ground out 6-3 (Groundball, 6MS)
Batting: RHB Irwin Duncan 0-0: Swinging Strike
0-1: Foul Ball, location: 2F
0-2: Ground out 6-3 (Groundball, 6)
Top of the 2nd over - 0 run(s), 0 hit(s), 0 error(s), 0 left on base; San Jose 0 - Las Vegas 2
BOTTOM OF THE 2ND
Las Vegas Stars batting - Pitching for San Jose Missions : RHP Francisco Arellano
Batting: LHB Mike Petersen 0-0: Called Strike
0-1: Ball
1-1: Ball
2-1: Called Strike
2-2: Ball
3-2: Ground out 6-3 (Groundball, 6)
Batting: LHB Nathan Frey 0-0: Foul Ball, location: 2F
0-1: Fly out, F7 (Flyball, 7)
Batting: RHB Bobby Miller 0-0: Called Strike
0-1: SINGLE (Groundball, 56D)
Batting: RHB Luis Bustamante 0-0: Foul Ball, location: 2F
0-1: Foul Ball, location: 2F
0-2: Fly out, F8 (Flyball, 8LD)
Bottom of the 2nd over - 0 run(s), 1 hit(s), 0 error(s), 1 left on base; San Jose 0 - Las Vegas 2
TOP OF THE 3RD
San Jose Missions batting - Pitching for Las Vegas Stars : RHP Dema Mitenkov
Batting: RHB José Sánchez 0-0: Called Strike
0-1: Ball
1-1: Ball
2-1: Fly out, F9 (Flyball, 9)
Batting: RHB Miguel Mendoza 0-0: Ball
1-0: SINGLE (Groundball, 56D)
Batting: RHB Peyton Pennington 0-0: Called Strike
0-1: Called Strike
0-2: Foul Ball, location: 2F
0-2: Foul Ball, location: 2F
0-2: Fly out, F3 (Popup, 3L)
Batting: RHB Jorge Díaz 0-0: Ball
1-0: Ball
2-0: Foul Ball, location: 2F
2-1: Ball
3-1: Base on Balls
Miguel Mendoza to second
Batting: RHB Dale Taylor 0-0: Fly out, F7 (Line Drive, 7D)
Top of the 3rd over - 0 run(s), 1 hit(s), 0 error(s), 2 left on base; San Jose 0 - Las Vegas 2
BOTTOM OF THE 3RD
Las Vegas Stars batting - Pitching for San Jose Missions : RHP Francisco Arellano
Batting: SHB Júlio Salazar 0-0: Called Strike
0-1: Ball
1-1: SINGLE (Line Drive, 6MD)
Batting: RHB Brandon Pope 0-0: Ball
Júlio Salazar steals 2nd base
1-0: Fly out, F9 (Flyball, 9)
Batting: LHB Ethan Marshall 0-0: Ball
1-0: 2-RUN HOME RUN (Flyball, 89XD), Distance : 416 ft
Batting: RHB Ryan McBride 0-0: Ball
1-0: Ball
2-0: Fly out, F7 (Line Drive, 7D)
Batting: LHB Terry White 0-0: Called Strike
0-1: Ball
1-1: Ball
2-1: Ground out 4-3 (Groundball, 4)
Bottom of the 3rd over - 2 run(s), 2 hit(s), 0 error(s), 0 left on base; San Jose 0 - Las Vegas 4
TOP OF THE 4TH
San Jose Missions batting - Pitching for Las Vegas Stars : RHP Dema Mitenkov
Batting: RHB José Martínez 0-0: Ball
1-0: Ground out 6-3 (Groundball, 6)
Batting: RHB Naomichi Aoki 0-0: Foul Ball, location: 2F
0-1: Fly out, F8 (Flyball, 78S)
Batting: RHB Ed Starr 0-0: Called Strike
0-1: Swinging Strike
0-2: Ball
1-2: Ball
2-2: Ball
3-2: Base on Balls
Batting: RHB Irwin Duncan 0-0: Called Strike
0-1: Fielders Choice at 2nd, 4-6 (Groundball, 4)
Top of the 4th over - 0 run(s), 0 hit(s), 0 error(s), 0 left on base; San Jose 0 - Las Vegas 4
BOTTOM OF THE 4TH
Las Vegas Stars batting - Pitching for San Jose Missions : RHP Francisco Arellano
Batting: LHB Mike Petersen 0-0: Foul Ball, location: 2F
0-1: Ball
1-1: Ball
2-1: SINGLE (Groundball, 34D)
Batting: LHB Nathan Frey 0-0: Called Strike
0-1: Ball
1-1: Ball
2-1: SINGLE (Line Drive, 8LS)
Mike Petersen to second
Batting: RHB Bobby Miller 0-0: SINGLE (Groundball, 6D)
Mike Petersen to third
Nathan Frey to second
Batting: RHB Luis Bustamante 0-0: Ball
1-0: Fielders Choice at 2nd, 6-4 (Groundball, 6MD)
Mike Petersen scores
Nathan Frey to third
Batting: SHB Júlio Salazar 0-0: Called Strike
0-1: Ball
1-1: Ball
2-1: SINGLE (Groundball, 4D)
Nathan Frey scores
Luis Bustamante to second
Batting: RHB Brandon Pope 0-0: Ball
1-0: Ball
2-0: Ball
3-0: Called Strike
3-1: Base on Balls
Luis Bustamante to third
Júlio Salazar to second
Batting: LHB Ethan Marshall 0-0: Called Strike
0-1: Reached on error, E6 (Groundball, 6)
Luis Bustamante scores
Júlio Salazar to third
Brandon Pope to second
Pitching: RHP Mike Clay
Batting: RHB Ryan McBride 0-0: Called Strike
0-1: Ball
1-1: Ball
2-1: Foul Ball, location: 2F
2-2: Foul Ball, location: 2F
2-2: Ball
3-2: Base on Balls
Júlio Salazar scores
Brandon Pope to third
Ethan Marshall to second
Batting: LHB Terry White 0-0: Ball
1-0: Foul Ball, location: 2F
1-1: Foul Ball, location: 2F
1-2: Foul Ball, location: 2F
1-2: Ball
2-2: Foul Ball, location: 2F
2-2: Ball
3-2: Grounds into double play, 4-6-3 (Groundball, 34)
Bottom of the 4th over - 4 run(s), 4 hit(s), 1 error(s), 2 left on base; San Jose 0 - Las Vegas 8
TOP OF THE 5TH
San Jose Missions batting - Pitching for Las Vegas Stars : RHP Dema Mitenkov
Batting: RHB José Sánchez 0-0: Called Strike
0-1: Ball
1-1: DOUBLE (Line Drive, 7D)
Batting: RHB Miguel Mendoza 0-0: Ball
1-0: Foul Ball, location: 2F
1-1: Fly out, F8 (Flyball, 8RM)
Batting: RHB Peyton Pennington 0-0: Reached on error, E3 (Groundball, 34S)
José Sánchez scores
Batting: RHB Jorge Díaz 0-0: 2-RUN HOME RUN (Flyball, 7D), Distance : 399 ft
Batting: RHB Dale Taylor 0-0: Ball
1-0: Fly out, F7 (Flyball, 78D)
Batting: RHB José Martínez 0-0: SINGLE (Line Drive, 34D)
Batting: RHB Naomichi Aoki 0-0: Foul Ball, location: 2F
0-1: Called Strike
0-2: Fielders Choice at 2nd, 5-4 (Groundball, 56)
Top of the 5th over - 3 run(s), 3 hit(s), 1 error(s), 0 left on base; San Jose 3 - Las Vegas 8
BOTTOM OF THE 5TH
Las Vegas Stars batting - Pitching for San Jose Missions : RHP Mike Clay
Batting: LHB Mike Petersen 0-0: Foul Ball, location: 2F
0-1: Ball
1-1: Ground out U3 (Groundball, 3L)
Batting: LHB Nathan Frey 0-0: Ball
1-0: Ball
2-0: Ground out 4-3 (Groundball, 4)
Batting: RHB Bobby Miller 0-0: Ball
1-0: Swinging Strike
1-1: Fly out, F8 (Flyball, 8LS)
Bottom of the 5th over - 0 run(s), 0 hit(s), 0 error(s), 0 left on base; San Jose 3 - Las Vegas 8
TOP OF THE 6TH
San Jose Missions batting - Pitching for Las Vegas Stars : RHP Dema Mitenkov
Batting: RHB Ed Starr 0-0: Called Strike
0-1: Called Strike
0-2: Ball
1-2: Ground out 5-3 (Groundball, 56S)
Batting: RHB Irwin Duncan 0-0: Ground out 6-3 (Groundball, 6)
Batting: RHB José Sánchez 0-0: Ball
1-0: SINGLE (Groundball, 6MD)
Batting: RHB Miguel Mendoza 0-0: Foul Ball, location: 2F
0-1: Ball
1-1: Foul Ball, location: 2F
1-2: Ball
2-2: Foul Ball, location: 2F
2-2: Ball
3-2: Strikes out swinging
Top of the 6th over - 0 run(s), 1 hit(s), 0 error(s), 1 left on base; San Jose 3 - Las Vegas 8
BOTTOM OF THE 6TH
Las Vegas Stars batting - Pitching for San Jose Missions : RHP Mike Clay
Batting: RHB Luis Bustamante 0-0: Called Strike
0-1: Ball
1-1: Ball
2-1: Foul Ball, location: 2F
2-2: Ball
3-2: Foul Ball, location: 2F
3-2: Foul Ball, location: 2F
3-2: Base on Balls
Pitching: LHP Morgan O'Day
Batting: SHB Júlio Salazar 0-0: Called Strike
0-1: Called Strike
0-2: Foul Ball, location: 2F
0-2: Ball
1-2: Ball
2-2: Foul Ball, location: 2F
2-2: Ball
3-2: Foul Ball, location: 2F
3-2: Base on Balls
Luis Bustamante to second
Batting: RHB Brandon Pope 0-0: Ball
1-0: Grounds into double play, 5-4-3 (Groundball, 5)
Luis Bustamante to third
Batting: LHB Ethan Marshall 0-0: SINGLE (Groundball, 5D)
Luis Bustamante scores
Batting: RHB Ryan McBride 0-0: Called Strike
0-1: Fly out, F6 (Popup, 6D)
Bottom of the 6th over - 1 run(s), 1 hit(s), 0 error(s), 1 left on base; San Jose 3 - Las Vegas 9
TOP OF THE 7TH
San Jose Missions batting - Pitching for Las Vegas Stars : RHP Dema Mitenkov
Batting: RHB Peyton Pennington 0-0: Called Strike
0-1: Ball
1-1: Fly out, F4 (Line Drive, 4)
Batting: RHB Jorge Díaz 0-0: Ball
1-0: Called Strike
1-1: SINGLE (Groundball, 56D)
Batting: RHB Dale Taylor 0-0: Ball
1-0: Called Strike
1-1: Ball
2-1: Ball
3-1: Fly out, F9 (Flyball, 9S)
Batting: RHB José Martínez 0-0: Ball
1-0: Called Strike
1-1: Fly out, F8 (Flyball, 8RD)
Top of the 7th over - 0 run(s), 1 hit(s), 0 error(s), 1 left on base; San Jose 3 - Las Vegas 9
BOTTOM OF THE 7TH
Las Vegas Stars batting - Pitching for San Jose Missions : LHP Morgan O'Day
Batting: LHB Terry White 0-0: Ball
1-0: Ball
2-0: Ball
3-0: Base on Balls
Batting: LHB Mike Petersen 0-0: Ball
1-0: Called Strike
1-1: Grounds into double play, 4-6-3 (Groundball, 4)
Batting: LHB Nathan Frey 0-0: Ball
1-0: Called Strike
1-1: Foul Ball, location: 2F
1-2: Foul Ball, location: 2F
1-2: Strikes out swinging
Bottom of the 7th over - 0 run(s), 0 hit(s), 0 error(s), 0 left on base; San Jose 3 - Las Vegas 9
TOP OF THE 8TH
San Jose Missions batting - Pitching for Las Vegas Stars : RHP Dema Mitenkov
Now at 2B: Héctor Barajas
Batting: RHB Naomichi Aoki 0-0: Ground out 5-3 (Groundball, 56)
Batting: RHB Ed Starr 0-0: Ball
1-0: Ball
2-0: Ball
3-0: Base on Balls
Batting: RHB Irwin Duncan 0-0: Ball
1-0: SINGLE (Groundball, 6M) (infield hit)
Ed Starr to second
Batting: RHB José Sánchez 0-0: Ball
1-0: Called Strike
1-1: Called Strike
1-2: Strikes out swinging
Pitching: RHP Roberto Moreno
Batting: RHB Miguel Mendoza 0-0: Ball
1-0: Swinging Strike
1-1: Swinging Strike
1-2: Foul Ball, location: 2F
1-2: Foul Ball, location: 2F
1-2: Ball
2-2: Strikes out looking
Top of the 8th over - 0 run(s), 1 hit(s), 0 error(s), 2 left on base; San Jose 3 - Las Vegas 9
BOTTOM OF THE 8TH
Las Vegas Stars batting - Pitching for San Jose Missions : LHP Morgan O'Day
Batting: RHB Bobby Miller 0-0: Ball
1-0: Ball
2-0: Swinging Strike
2-1: Ball
3-1: Foul Ball, location: 2F
3-2: Ground out 5-3 (Groundball, 56)
Pitching: RHP Tommy Waters
Batting: RHB Luis Bustamante 0-0: Called Strike
0-1: Ball
1-1: Fly out, F8 (Flyball, 78S)
Batting: SHB Júlio Salazar 0-0: SINGLE (Flyball, 7S)
Batting: RHB Brandon Pope 0-0: Foul Ball, location: 2F
0-1: Fly out, F4 (Line Drive, 4)
Bottom of the 8th over - 0 run(s), 1 hit(s), 0 error(s), 1 left on base; San Jose 3 - Las Vegas 9
TOP OF THE 9TH
San Jose Missions batting - Pitching for Las Vegas Stars : RHP Roberto Moreno
Now at 3B: Richard Griffin
Batting: RHB Peyton Pennington 0-0: Ball
1-0: Foul Ball, location: 2F
1-1: Fly out, F8 (Flyball, 8RM)
Batting: RHB Jorge Díaz 0-0: Ball
1-0: Called Strike
1-1: Ball
2-1: Called Strike
2-2: Ball
3-2: Base on Balls
Batting: RHB Dale Taylor 0-0: Ball
1-0: Fly out, F5 (Line Drive, 56)
Batting: RHB José Martínez 0-0: Called Strike
0-1: Swinging Strike
0-2: Strikes out looking
Top of the 9th over - 0 run(s), 0 hit(s), 0 error(s), 1 left on base; San Jose 3 - Las Vegas 9
Tuesday, August 8th, 2017 - OOTP Baseball 17.12 Build 75